 Dungeon Crawl Stone Soup version 0.30.0-7-g0c4daa9e05 (console) character file.

Game seed: 6309584702913263786

21 wizzard the Stinger (level 2, -7/11 HPs)
             Began as a Felid Venom Mage on May 13, 2023.
             Was a Follower of Sif Muna.
             Mangled by Natasha (9 damage)
             ... on level 2 of the Dungeon.
             The game lasted 00:07:56 (1690 turns).

wizzard the Stinger (Felid Venom Mage)              Turns: 1690, Time: 00:07:57

Health: -7/11      AC:  1    Str:  4    XL:     2   Next: 65%
Magic:  3/6        EV: 17    Int: 16    God:    Sif Muna [*.....]
Gold:   57         SH:  0    Dex: 16    Spells: 2/5 levels left
                                        Lives:  0   Deaths: 0

rFire   . . .        (weapon unavailable)
rCold   . . .        (shield unavailable)
rNeg    . . .        (body armour unavailable)
rPois   .            (helmet unavailable)
rElec   .            (cloak unavailable)
rCorr   .            (gloves unavailable)
SInv    +            (boots unavailable)
Will    .....        (no amulet)
Stlth   ++           (no ring)
HPRegen 0.21/turn    (no ring)
MPRegen 0.10/turn

%: no passive effects
@: quick
A: very small, claws 1, fangs 3, see invisible, speed 1, shaggy fur 1, stealthy
paws, no weapons or thrown items, no armour, multi-lived
a: Renounce Religion, Channel Magic


You were on level 2 of the Dungeon.
You worshipped Sif Muna.
Sif Muna was aware of your devotion.
You visited 1 branch of the dungeon, and saw 2 of its levels.

You collected 57 gold pieces.

Inventory:

Scrolls
 e - a scroll of teleportation
Potions
 a - a potion of magic
 b - a potion of invisibility
 c - a potion of lignification
 d - a potion of heal wounds
 g - a potion of resistance


   Skills:
 + Level 2.8 Dodging
 + Level 2.8 Stealth
 + Level 2.4 Spellcasting
 + Level 1.1 Transmutations
 + Level 0.1 Air Magic
 + Level 3.1 Poison Magic


You had 2 spell levels left.
You knew the following spells:

 Your Spells              Type           Power      Damage    Failure   Level
a - Sting                 Tmut/Pois      32%        1d4       9%          1
b - Poisonous Vapours     Pois/Air       14%        N/A       16%         2

Your spell library contained the following spells:

 Spells                   Type           Power      Damage    Failure   Level
 Mephitic Cloud           Conj/Pois/Air  5%         N/A       36%         3
 Olgreb's Toxic Radiance  Pois           12%        N/A       47%         4


Dungeon Overview and Level Annotations

Branches:
Dungeon (2/15)

Altars:
Sif Muna

Shops:
D:1 =

Annotations:
D:2 Natasha


Innate Abilities, Weirdness & Mutations

You have sharp claws.
You have razor-sharp teeth.
You have supernaturally acute eyesight. (SInv)
You cover ground quickly. (Speed+)
You are covered in fur. (AC +1)
Your paws help you pounce on unaware monsters.
You are incapable of wielding weapons or throwing items.
You cannot wear armour.
You gain extra lives every three experience levels.


Message History

Aim: a giant cockroach (severely wounded, poisoned) Poisonous vapours surround the giant cockroach!
The giant cockroach looks even sicker.
You kill the giant cockroach!
Sif Muna accepts your kill.
You start resting.
Magic restored.
You start waiting.
Done waiting.
There is a large open door here.
Natasha, Servant of Life and Death comes into view.
There is a large open door here.
Casting: Poisonous Vapours (safe; 16% risk of failure)
Confirm with . or Enter, or press ? or * to list all spells.
Aiming: Sting (safe; 9% risk of failure)
Press: ? - help, Shift-Dir - straight line, f - Natasha
Aim: Natasha (asleep, 100% to hit)
The sting hits Natasha.
Natasha is poisoned.
Natasha is lightly wounded.
Natasha hisses angrily.
Casting: Sting (safe; 9% risk of failure)
Confirm with . or Enter, or press ? or * to list all spells.
Aiming: Sting (safe; 9% risk of failure)
Press: ? - help, Shift-Dir - straight line, f/p - Natasha
Aim: Natasha (moderately wounded, poisoned, 60% to hit)
The sting hits Natasha.
Natasha looks even sicker.
Natasha is moderately wounded.
Natasha claws you!
Ouch! That really hurt!
* * * LOW HITPOINT WARNING * * *
Casting: Sting (safe; 9% risk of failure)
Confirm with . or Enter, or press ? or * to list all spells.
Aiming: Sting (safe; 9% risk of failure)
Press: ? - help, Shift-Dir - straight line, f/p - Natasha
Aim: Natasha (heavily wounded, very poisoned, 60% to hit)
The sting hits Natasha.
Natasha looks even sicker.
Natasha is heavily wounded.
Natasha claws you!
Ouch! That really hurt!
You die...

#.##.#.# #. ..#.#
######.## #
#......# #.
#.###### #.#+#+##.#
#........######.#
#.#........'......#
...........########
###.#+#'#### . #@#
#......h..#
...........#
##.........#
#.........#
#.........#
#..........
#...........


You could see Natasha (very poisoned).

Vanquished Creatures
  3 endoplasms
  A giant cockroach (D:2)
  4 goblins (D:1)
  3 kobolds (D:1)
  2 quokkas
  3 ball pythons (D:1)
  A bat (D:1)
  A frilled lizard (D:1)
  2 rats (D:1)
20 creatures vanquished.

Notes
Turn   | Place    | Note
-------+----------+-------------------------------------------
     0 | D:1      | wizzard the Felid Venom Mage began the quest for the Orb.
     0 | D:1      | Reached XP level 1. HP: 7/7 MP: 4/4
   123 | D:1      | Found a faded altar of an unknown god.
   128 | D:1      | Prayed at the altar of an unknown god.
   128 | D:1      | Became a worshipper of Sif Muna the Loreminder
   128 | D:1      | Reached * piety under Sif Muna
   290 | D:1      | Reached skill level 3 in Poison Magic
   339 | D:1      | Reached XP level 2. HP: 11/11 MP: 0/6
   398 | D:1      | Learned a level 2 spell: Poisonous Vapours
   409 | D:1      | Found Soitut's Jewellery Emporium.
  1687 | D:2      | Noticed Natasha
  1690 | D:2      | Mangled by Natasha

Illustrated notes

Levels and vault maps discovered:
D:1:      kennysheep_arrival_forest, layout_loops_ring, serial_shops, shop,
          shapermc_ecumenical_altar_acropolis, feat_on_display
D:2:      minmay_diamond_boxcup, layout_basic, minmay_goblin_kobold_house,
          uniq_natasha

Skill      XL: |  1 |
---------------+----+-----
Poison Magic   | 3 |  3.1
Dodging        | |  2.8
Stealth        | |  2.8
Spellcasting   | |  2.4
Transmutations | |  1.1
Air Magic      | |  0.1

Action                     || total
---------------------------++-------
   Cast: Sting             ||    29
         Poisonous Vapours ||    18
    Use: Scroll            ||     9
  Dodge: Dodged            ||     2
